 Dungeon Crawl Stone Soup version 0.19.1 (webtiles) character file.

354 Nakatomy the Insei (level 6, -2/46 HPs)
             Began as a Merfolk Transmuter on Dec 21, 2016.
             Slain by a worker ant (3 damage)
             ... on level 4 of the Dungeon.
             The game lasted 00:18:18 (5891 turns).

Nakatomy the Insei (Merfolk Transmuter)             Turns: 5891, Time: 00:18:18

Health: -2/46      AC:  2    Str: 11    XL:     6   Next: 62%
Magic:  7/10       EV: 14    Int: 13    God:
Gold:   201        SH:  0    Dex: 15    Spells: 3 memorised, 5 levels left

rFire  . . .     SeeInvis +       - Unarmed
rCold  + . .     Gourm    .     f - +0 robe {rC+}
rNeg   . . .     Faith    .     (no shield)
rPois  .         Spirit   .     (no helmet)
rElec  .         Reflect  .     (no cloak)
rCorr  .         Harm     .     (no gloves)
MR     .....                    (no boots)
Stlth  +.........               (no amulet)
                                (no ring)
                                l - ring of see invisible

@: appendage (expiring), very slightly contaminated
A: change form in water, swift swim, stealthy swim, horns 2
a: End Transformation


You were on level 4 of the Dungeon.
You were hungry.
You had grown temporary horns.
You visited 1 branch of the dungeon, and saw 4 of its levels.

You collected 201 gold pieces.

Inventory:

Missiles
 u - 24 arrows
Armour
 b - a +0 robe
 f - a +0 robe of cold resistance (worn)
Jewellery
 l - a ring of see invisible (left hand)
 s - an uncursed ring of fire
 v - an uncursed ring of fire
 x - an uncursed ring of resist corrosion {unknown}
Wands
 C - a wand of flame (7/48)
Scrolls
 e - 3 scrolls of random uselessness {unknown}
 h - 3 scrolls of remove curse {unknown}
 k - a scroll of teleportation {unknown}
 n - 3 scrolls of blinking {unknown}
 p - 3 scrolls of magic mapping {unknown}
 q - 2 scrolls of recharging {unknown}
 r - a scroll of fear {unknown}
 y - a scroll of identify {unknown}
 A - 2 scrolls of enchant weapon {unknown}
 B - a scroll of amnesia {unknown}
Potions
 a - a potion of flight {unknown}
 g - 2 potions of curing {unknown}
 m - 3 potions of degeneration {unknown}
 o - a potion of heal wounds {unknown}
 t - 2 potions of lignification {unknown}
 z - a potion of berserk rage {unknown}
Books
 c - a book of Changes

   Spells                             Type                      Level
   a - Beastly Appendage              Transmutation                1
   b - Sticks to Snakes               Transmutation                2
   c - Spider Form                    Transmutation/Poison         3
   d - Ice Form                       Ice/Transmutation            4
   e - Blade Hands                    Transmutation                5
Comestibles
 d - 3 bread rations
 i - 2 meat rations
 j - 2 fruits
 w - a beef jerky


   Skills:
 - Level 2.5 Fighting
 - Level 3.6 Dodging
 + Level 5.3 Unarmed Combat
 + Level 3.2 Spellcasting
 + Level 5.0 Transmutations


You had 5 spell levels left.
You knew the following spells:

 Your Spells              Type           Power        Failure   Level  Hunger
a - Beastly Appendage     Tmut           ###...       3%          1    #......
b - Sticks to Snakes      Tmut           ###.....     6%          2    ##.....
c - Spider Form           Tmut/Pois      #.........   28%         3    ###....


Dungeon Overview and Level Annotations

Branches:
Dungeon (4/15)
 Temple: D:4-7

Altars:
Fedhas
Qazlal

Annotations:
D:3 giorgino's ghost, weakling MiFi


Innate Abilities, Weirdness & Mutations

You revert to your normal form in water.
You are very nimble and swift while swimming.
You are very stealthy in the water. (Stealth+)
You have a pair of horns on your head.


Message History

The orc priest is severely wounded.
The orc wizard hits you but does no damage.
The orc barely misses you.
You barely miss the orc priest.
You headbutt the orc priest, but do no damage.
The orc priest is severely wounded.
The orc priest looks encouraged for a moment.
The orc wizard barely misses you.
You hit the orc priest but do no damage.
You headbutt the orc priest.
You kill the orc priest!
The orc barely misses you. The orc wizard hits you with a dagger.
* * * LOW HITPOINT WARNING * * *
You hit the orc wizard but do no damage.
The orc wizard is severely wounded.
Your transformation is almost over.
The orc hits you.
* * * LOW HITPOINT WARNING * * *
The worker ant bites you.
You die...

#.# #..# #...#
# #....# ###
......# #..
.......## #..
......a.## ##.
#@o# ##
......o#.## #
....(..##.## ##
....... ##.##
##. .......
##.## #..
....... ##.##
##.. .......
##.## ##..#
#...... ####.##
#...#
##.....####..##


You could see a worker ant, an orc wizard and an orc.

Vanquished Creatures
  2 orc priests
  A centaur skeleton (D:4)
  2 worker ants (D:4)
  A hound skeleton (D:3)
  3 adders
  An ooze (D:2)
  5 worms
  3 dart slugs
  5 leopard geckos
  9 orcs (D:3)
  8 giant cockroaches
  6 goblins
  5 hobgoblins
  7 jackals (D:2)
  A quokka (D:2)
  3 ball pythons
  7 bats
  6 frilled lizards
  4 kobolds
  A leopard gecko skeleton (D:4)
  7 rats
87 creatures vanquished.

Vanquished Creatures (collateral kills)
  An orc priest (D:3)
  2 orc wizards (D:3)
  2 adders (D:2)
  2 orcs (D:3)
7 creatures vanquished.

Grand Total: 94 creatures vanquished

Notes
Turn   | Place    | Note
-------+----------+-------------------------------------------
     0 | D:1      | Nakatomy the Merfolk Transmuter began the quest for the Orb.
     0 | D:1      | Reached XP level 1. HP: 15/15 MP: 3/3
   454 | D:1      | Reached XP level 2. HP: 17/21 MP: 3/5
   555 | D:1      | Learned a level 2 spell: Sticks to Snakes
   768 | D:1      | Reached XP level 3. HP: 18/26 MP: 4/6
  1011 | D:1      | Learned a level 3 spell: Spider Form
  2419 | D:2      | Reached XP level 4. HP: 31/33 MP: 5/7
  2995 | D:3      | Noticed giorgino's ghost (weakling MiFi)
  3826 | D:3      | Reached XP level 5. HP: 28/39 MP: 0/8
  4507 | D:3      | Found a blossoming altar of Fedhas.
  4719 | D:3      | Reached XP level 6. HP: 43/46 MP: 8/10
  5161 | D:4      | Found a stormy altar of Qazlal.
  5208 | D:4      | Reached skill level 5 in Unarmed Combat
  5471 | D:4      | Reached skill level 5 in Transmutations
  5890 | D:4      | HP: 2/46 [orc wizard/dagger (6)]
  5891 | D:4      | Slain by a worker ant

Skill      XL: |  1  2  3  4  5  6 |
---------------+-------------------+-----
Dodging        | 3 |  3.6
Transmutations | 3 4 5 |  5.0
Unarmed Combat | 4 5 |  5.3
Fighting       | 2 |  2.5
Spellcasting   | 3 |  3.2

Action                   |  1- 3 |  4- 6 || total
-------------------------+-------+-------++-------
Melee: Unarmed           |   130 |   205 ||   335
       Headbutt          |    25 |    32 ||    57
       Punch             |       |     3 ||     3
 Cast: Beastly Appendage |    30 |    46 ||    76
       Sticks to Snakes  |       |    15 ||    15
 Stab: Sleeping          |     2 |     1 ||     3
  Eat: Chunk             |     5 |    12 ||    17
       Fruit             |       |     1 ||     1
Armor: Robe              |    35 |    22 ||    57
Dodge: Dodged            |    85 |   133 ||   218
